 Dungeon Crawl Stone Soup version 0.21-a0-528-gf531e82 (webtiles) character file.

241 dorian the Ruffian (level 6, 0/49 (53) HPs)
             Began as a Ghoul Monk on Dec 8, 2017.
             Slain by a killer bee (8 damage)
             ... on level 6 of the Dungeon.
             The game lasted 00:04:51 (3090 turns).

dorian the Ruffian (Ghoul Monk)                     Turns: 3090, Time: 00:04:51

HP:   0/49 (53)     AC:  2    Str: 16    XL:     6   Next: 8%
MP:   5/5           EV: 16    Int:  5    God:
Gold: 156           SH:  0    Dex: 12    Spells: 5/5 levels left

rFire    . . .     SeeInvis .     - Unarmed
rCold    + . .     Gourm    .   (no shield)
rNeg     + + +     Faith    .   a - +0 robe
rPois    ∞         Spirit   .   (no helmet)
rElec    .         Reflect  .   (no cloak)
rCorr    .         Harm     .   (no gloves)
MR       .....                  (no boots)
Stlth    ++........             (no amulet)
HPRegen  0.00/turn              n - +3 ring of evasion
MPRegen  0.09/turn              (no ring)

@: rotting
A: rotting body, claws 1, carnivore 3, cold resistance 1, negative energy
resistance 3, inhibited regeneration, torment resistance, unbreathing
a: no special abilities


You were on level 6 of the Dungeon.
You were not hungry.

You visited 1 branch of the dungeon, and saw 4 of its levels.

You collected 156 gold pieces.

Inventory:

Armour
 a - a +0 robe (worn)
Jewellery
 n - a +3 ring of evasion (left claw)
Wands
 p - a wand of polymorph (11)
Scrolls
 c - a scroll of enchant weapon {unknown}
 d - 3 scrolls of identify {unknown}
 e - 6 scrolls of teleportation {unknown}
 g - 3 scrolls of remove curse {unknown}
 l - a scroll of magic mapping {unknown}
 o - a scroll of amnesia {unknown}
 r - a scroll of immolation {unknown}
Potions
 h - a potion of invisibility {unknown}
 i - 2 potions of magic {unknown}
 j - a potion of brilliance {unknown}
 k - a potion of berserk rage {unknown}
 m - a potion of flight {unknown}
 q - 2 potions of curing {unknown}
Comestibles
 b - 2 meat rations
 f - 2 royal jellies


   Skills:
 + Level 4.5 Fighting
 + Level 3.7 Dodging
 - Level 2.1 Stealth
 * Level 5.6 Unarmed Combat


You had 5 spell levels left.
You didn't know any spells.

Dungeon Overview and Level Annotations

Branches:
Dungeon (3/15)

Altars:


Innate Abilities, Weirdness & Mutations

Your body is rotting away.
You thrive on raw meat.
You are immune to poison.
You have sharp fingernails.
You are carnivorous and can eat meat at any time.
Your flesh is cold resistant. (rC+)
You are immune to negative energy. (rN+++)
You do not regenerate when monsters are visible.
You are immune to unholy pain and torment.
You can survive without breathing.


Message History

The killer bee closely misses you. The killer bee stings you.
The killer bee stings you! The killer bee stings you.
There is an open door here.
The killer bee barely misses you. x2
The killer bee closely misses you.
You closely miss the killer bee. The killer bee stings you.
* * * LOW HITPOINT WARNING * * *
You are too injured to fight recklessly!
You are too injured to fight recklessly!
You are too injured to fight recklessly!
You are too injured to fight recklessly!
You are too injured to fight recklessly!
You are too injured to fight recklessly!
You barely miss the killer bee. The killer bee misses you. x2
The killer bee stings you.
* * * LOW HITPOINT WARNING * * *
The killer bee completely misses you.
You closely miss the killer bee. The killer bee stings you!
You die...

#... #...##..........###'####...#
....##...#......#+####......#...'
.........#......#...........#...#
....>..yy#......#...........#...#
.........#......#...........#...#
.........#......#...........#....
.........#......#...........#....
######...#......#############....
###...######.@....... #....
#..........#yy....... #...#
#..........'......... #...#
#..........#......... #....
###...##...#......... #....
#...##...#......... #####
#...###+##.........
#...#.....######### #...#.....#


You could see 2 killer bees.

Vanquished Creatures
  A wyvern zombie (D:6)
  A jelly (D:6)
  An orc wizard (D:6)
  A worker ant (D:6)
  A gnoll (D:1)
  3 adders (D:2)
  An adder skeleton (D:6)
  A worm (D:2)
  2 dart slugs (D:2)
  A leopard gecko (D:6)
  2 orcs (D:6)
  3 ball pythons
  3 bats
  2 giant cockroaches
  3 hobgoblins (D:1)
  7 jackals (D:2)
  6 kobolds
  2 quokkas
  6 frilled lizards
  A rat (D:1)
48 creatures vanquished.

Notes
Turn   | Place    | Note
-------+----------+-------------------------------------------
     0 | D:1      | dorian the Ghoul Monk began the quest for the Orb.
     0 | D:1      | Reached XP level 1. HP: 19/19 MP: 0/0
     7 | D:1      | Reached XP level 2. HP: 13/26 MP: 1/1
   273 | D:1      | You fall through a shaft!
   373 | D:2      | Reached skill level 4 in Unarmed Combat
   373 | D:2      | Reached XP level 3. HP: 22/33 MP: 2/2
  1078 | D:2      | Reached XP level 4. HP: 39/39 MP: 3/3
  2202 | D:3      | You fall through a shaft for 3 floors!
  2303 | D:6      | Reached XP level 5. HP: 34/46 MP: 4/4
  2367 | D:6      | Reached skill level 5 in Unarmed Combat
  2452 | D:6      | HP: 2/46 [acid (8)]
  2745 | D:6      | Reached XP level 6. HP: 3/51 MP: 5/5
  3090 | D:6      | Slain by a killer bee

Vault maps used:
D:1:      co_arrival_square_in_a_square_in_a_square
D:2:      first_bread
D:3:      minmay_goblin_kobold_house, uniq_robin

Skill      XL: |  1  2  3  4  5 |
---------------+----------------+-----
Dodging        | 3 |  3.7
Unarmed Combat | 4 5 |  5.6
Fighting       | 4 |  4.5
Stealth        | |  2.1

Action                   |  1- 3 |  4- 6 || total
-------------------------+-------+-------++-------
Melee: Unarmed           |    92 |    72 ||   164
       Punch             |     1 |     2 ||     3
 Stab: Sleeping          |     2 |     3 ||     5
  Eat: Chunk             |     1 |     9 ||    10
Armor: Robe              |    10 |     3 ||    13
Dodge: Dodged            |    62 |    49 ||   111

Table legend:
 A = Spawn XP
 B = Non-spawn XP
 C = Spawn XP percentage of total XP
 D = Spawn monster count
 E = Non-spawn monster count
 F = Spawn count percentage of total count
 G = Total turns spent on level
                    A         B        C        D         E        F      G
               +---------+---------+-------+---------+---------+-------+---------
         Total |       0 |     345 |   0.0 |       0 |      48 |   0.0 |  3090
               +---------+---------+-------+---------+---------+-------+---------
           D:1 |       0 |      29 |   0.0 |       0 |      12 |   0.0 |   921
           D:2 |       0 |      88 |   0.0 |       0 |      26 |   0.0 |  1251
           D:6 |       0 |     228 |   0.0 |       0 |      10 |   0.0 |   888
               +---------+---------+-------+---------+---------+-------+---------
